 Dungeon Crawl Stone Soup version 0.29.1-13-g9f3cf754e1 (webtiles) character file.

Game seed: 1864400608591109094

41978 Priul the Eclecticist (level 13, -6/64 (66) HPs)
             Began as a Deep Elf Conjurer on Feb 3, 2023.
             Was an Elder of Sif Muna.
             Mangled by a pharaoh ant (27 damage)
             ... on level 1 of the Spider Nest on Feb 4, 2023.
             The game lasted 03:12:08 (23050 turns).

Priul the Eclecticist (Deep Elf Conjurer)          Turns: 23050, Time: 03:12:13

HP:   -6/64 (66)    AC:  8    Str:  4      XL:     13   Next: 82%
MP:   43/47         EV: 12    Int:  6 (29) God:    Sif Muna [****..]
Gold: 1081          SH:  0    Dex: 13      Spells: 12/50 levels left

rFire   . . .      SeeInvis .   o - staff of conjuration
rCold   + . .      Faith    .   w - orb {*channel}
rNeg    . . .      Spirit   .   S - +1 robe {rC+}
rPois   .          Reflect  .   f - +0 helmet
rElec   .          Harm     .   X - +0 cloak
rCorr   .          Rampage  .   C - +1 pair of gloves
Will    +....                   x - +0 pair of boots
Stlth   +++.......              A - amulet of regeneration
HPRegen 1.00/turn               K - ring of magical power
MPRegen 0.30/turn               E - +4 ring of evasion

@: lethally poisoned (-6 -> -28), held, studying 2 skills, lightly drained
A: no striking features
a: Renounce Religion, Channel Magic, Forget Spell, Divine Exegesis


You were on level 1 of the Spider Nest.
You worshipped Sif Muna.
Sif Muna was greatly pleased with you.
You visited 5 branches of the dungeon, and saw 21 of its levels.

You collected 1585 gold pieces.
You spent 504 gold pieces at shops.

Inventory:

Hand Weapons
 d - a +4 whip of distortion
 Y - the +4 spear of the Crushed Ziggurats {spect, Str+6 Stlth+}
   (You took it off a spriggan on level 1 of the Lair of Beasts)

   When its wielder attacks, the weapon's spirit leaps out and strikes again.
   The spirit shares a part of any damage it takes with its wielder.
   Str:       It affects your strength (+6).
   Stlth:     It makes you more stealthy.
Missiles
 e - 20 poisoned darts
 t - 10 javelins
 H - 2 throwing nets
 J - 15 boomerangs
 Q - 3 curare-tipped darts
Armour
 f - a +0 helmet (worn)
 w - an orb of energy (worn)
 x - a +0 pair of boots (worn)
 C - a +1 pair of gloves (worn)
 S - a +1 robe of cold resistance (worn)
 T - a scarf of shadows
 X - a +0 cloak (worn)
Magical Staves
 o - a staff of conjuration (weapon)
 G - a staff of fire
Jewellery
 y - a ring of positive energy
 z - a ring of resist corrosion
 A - an amulet of regeneration (around neck)
 E - a +4 ring of evasion (right hand)
 K - a ring of magical power (left hand)
Wands
 g - a wand of polymorph (4)
 n - a wand of paralysis (2)
 R - a wand of roots (8)
 U - a wand of mindburst (11)
 W - a wand of flame (30)
Scrolls
 c - 6 scrolls of teleportation
 h - 4 scrolls of magic mapping
 i - 5 scrolls of immolation
 j - 4 scrolls of fear
 p - 3 scrolls of enchant armour
 r - a scroll of summoning
 s - 2 scrolls of amnesia
 F - 3 scrolls of blinking
 L - a scroll of noise
 O - 3 scrolls of poison
 P - a scroll of vulnerability
 V - 4 scrolls of butterflies
Potions
 a - 3 potions of berserk rage
 b - a potion of magic
 k - 3 potions of degeneration
 l - 4 potions of mutation
 m - a potion of heal wounds
 q - 4 potions of attraction
 u - 6 potions of flight
 v - 2 potions of resistance
 B - 3 potions of curing
 D - 2 potions of might
 I - 3 potions of brilliance
 M - 3 potions of lignification
 N - 3 potions of haste
Miscellaneous
 Z - a phial of floods (quivered)


   Skills:
 + Level 1.7 Fighting
 + Level 1.3 Throwing
 + Level 7.1 Dodging
 + Level 5.2 Stealth
 + Level 19.3 Spellcasting
 + Level 15.0 Conjurations
 + Level 9.2 Hexes
 + Level 4.0 Translocations
 + Level 8.0 Fire Magic
 + Level 1.9 Ice Magic
 + Level 3.0 Earth Magic
 + Level 2.4 Evocations


You had 12 spell levels left.
You knew the following spells:

 Your Spells              Type           Power      Damage    Failure   Level
a - Magic Dart            Conj           100%       1d8       0%          1
b - Searing Ray           Conj           70%        2d7       1%          2
c - Foxfire               Conj/Fire      100%       2x1d9     1%          1
d - Flame Wave            Conj/Fire      29%        2d9       1%          4
e - Dazzling Flash        Conj/Hex       60%        N/A       1%          3
f - Fulminant Prism       Conj/Hex       15%        3d11      1%          4
g - Iskenderun's Mystic   Conj/Tloc      25%        2d7       1%          4
h - Inner Flame           Hex/Fire       16%        N/A       1%          3
i - Leda's Liquefaction   Hex/Erth       6%         N/A       5%          4
j - Sticky Flame          Conj/Fire      29%        2d5       1%          4
k - Metabolic Englaciati  Hex/Ice        6%         N/A       19%         5
l - Ozocubu's Armour      Ice            8%         N/A       10%         3

Your spell library contained the following spells:

 Spells                   Type           Power      Damage    Failure   Level
 Conjure Flame            Conj/Fire      29%        6-21      1%          3
 Portal Projectile        Hex/Tloc       26%        N/A       1%          3
 Ignite Poison            Fire/Tmut/Pois 9%         N/A       7%          3
 Call Canine Familiar     Summ           5%         N/A       21%         3
 Corpse Rot               Necr/Pois/Air  5%         N/A       56%         4
 Dispel Undead            Necr           5%         3d7       56%         4
 Death Channel            Necr           2%         N/A       100%        6
 Simulacrum               Ice/Necr       3%         N/A       100%        6


Dungeon Overview and Level Annotations

Branches:
Dungeon (13/15)            Temple (1/1) D:4            Lair (5/5) D:11
 Shoals (1/4) Lair:2       Spider (1/4) Lair:2          Orc (0/2) D:12
  Slime: Lair:4-5    Vaults: D:13-14

Altars:
Ashenzari
Cheibriados
Dithmenos
Elyvilon
Fedhas
Gozag
Hepliaklqana
Kikubaaqudgha
Makhleb
Nemelex Xobeh
Okawaru
Qazlal
Ru
Sif Muna
Trog
Uskayaw
Vehumet
Wu Jian
Xom
Yredelemnul
Zin
The Shining One

Shops:
D:12 *

Annotations:
Lair:1 AverageBear's ghost, journeyman FoFi


Message History

Sif Muna accepts your kill.
You start resting.
A nearby fungus withers and dies.
You start resting.
Magic restored.
You can't go up here!
You climb downwards.
Welcome back to the Spider Nest!
This branch contains the gossamer rune of Zot.
The pharaoh ant barely misses you. The jumping spider pounces on you.
You are caught in a web!
The jumping spider bites you but does no damage.
The pharaoh ant bites you!
You feel drained.
The jumping spider barely misses you. x2
There is a crawl-hole back to the Lair, spattered with blood here.
Casting: Flame Wave (dangerous; 1% risk of failure)
Confirm with . or Enter, or press ? or * to list all spells.
You feel a surge of power!
You erupt in a blast of force!
The mystic blast hits the pharaoh ant.
The pharaoh ant is lightly damaged.
The pharaoh ant is knocked back by the mystic blast.
The mystic blast hits the redback!
The redback is moderately wounded.
The redback is knocked back by the mystic blast.
The redback slams into the rock wall!
The redback is heavily wounded.
The mystic blast hits the jumping spider!
The jumping spider is moderately wounded.
The jumping spider is knocked back by the mystic blast.
The jumping spider slams into the rock wall!
The jumping spider is moderately wounded.
The redback bites you!
You are lethally poisoned!
The redback poisons you!
As you read the scroll of fear, it crumbles to dust.
You assume a fearsome visage.
The pharaoh ant is unaffected.
The redback looks frightened!
The radroach looks frightened!
The redback looks frightened!
The jumping spider looks frightened!
You feel extremely sick.
The jumping spider leaps!
The pharaoh ant bites you!!
You die...

#....
....
#..s
#...
#..B
#...##
#...s##
#..@○#
#.B...#
#...#.##
..... ##
..#....
. #.s##
... #...


You could see a radroach (fleeing), a pharaoh ant, a jumping spider (fleeing)
and 2 redbacks.

Vanquished Creatures
  Snorg (D:12)
  Josephine (D:12)
  5 hydras
  Erica (D:8)
  3 two-headed ogres
  2 death yaks (Lair:2)
  Amaemon (D:9)
  Sonja (Lair:3)
  Nergalle (Lair:3)
  4 skeletal warriors (D:12)
  9 harpies (Shoals:1)
  An oklob plant (Lair:4)
  2 manticores
  3 black mambas
  An orange demon (D:9)
  4 cane toads
  A torpor snail (Lair:2)
  A kobold demonologist (D:11)
  8 komodo dragons
  4 unseen horrors
  2 rime drakes
  2 trolls
  A wind drake (Lair:2)
  A snapping turtle (Shoals:1)
  12 blink frogs
  10 dream sheep (Lair:3)
  A culicivora (Lair:2)
  2 spriggans (Lair:1)
  4 wyverns
  2 vampires (D:12)
  4 wraiths (D:12)
  5 basilisks
  12 yaks
  2 steam dragons
  9 vampire mosquitoes (D:12)
  A warg (D:12)
  An acid dragon (D:11)
  17 water moccasins
  4 sky beasts
  8 orc warriors
  3 black bears
  4 ice beasts
  3 ogres
  6 wolves (Lair:1)
  7 centaurs
  2 phantoms (D:5)
  A kobold brigand (D:10)
  A necrophage (D:7)
  7 bullfrogs
  A scorpion (D:5)
  2 gnoll sergeants
  8 wights
  11 howler monkeys
  4 jellies
  4 hounds
  13 orc priests
  A gnoll bouda (D:5)
  4 iguanas
  Natasha (thrice) (D:4)
  14 orc wizards
  4 hell rats (Lair:3)
  18 gnolls
  8 adders
  2 white imps
  2 ufetubi
  5 worms
  3 dart slugs
  55 orcs
  8 endoplasms
  3 giant cockroaches
  5 goblins
  7 hobgoblins
  4 jackals (D:2)
  16 kobolds
  4 quokkas
  10 ball pythons
  6 bats
  5 frilled lizards
  5 rats
  A foxfire (D:12)
424 creatures vanquished.

Vanquished Creatures (collateral kills)
  5 foxfires
5 creatures vanquished.

Vanquished Creatures (others)
  407 foxfires
  75 fulminant prisms
  27 fungi
  55 plants
564 creatures vanquished.

Grand Total: 993 creatures vanquished

Notes
Turn   | Place    | Note
-------+----------+-------------------------------------------
     0 | D:1      | Priul the Deep Elf Conjurer began the quest for the Orb.
     0 | D:1      | Reached XP level 1. HP: 10/10 MP: 6/6
   267 | D:1      | Reached XP level 2. HP: 15/15 MP: 2/8
   461 | D:1      | Learned a level 2 spell: Searing Ray
   995 | D:2      | Reached skill level 5 in Conjurations
  1105 | D:2      | Learned a level 1 spell: Foxfire
  1200 | D:2      | Reached XP level 3. HP: 19/19 MP: 3/9
  1952 | D:2      | You fall into a shaft and drop 2 floors!
  2147 | D:4      | Reached XP level 4. HP: 24/24 MP: 7/11
  2542 | D:2      | Reached skill level 4 in Spellcasting
  2889 | D:3      | Reached XP level 5. HP: 28/28 MP: 11/13
  3846 | D:4      | Found a shimmering altar of Xom.
  3851 | D:4      | Noticed an ogre
  3856 | D:4      | Killed an ogre
  3857 | D:4      | Reached skill level 1 in Fire Magic
  3857 | D:4      | Reached XP level 6. HP: 32/32 MP: 7/15
  3960 | D:4      | Noticed Natasha
  3963 | D:4      | Killed Natasha
  3964 | D:4      | Reached skill level 5 in Spellcasting
  4035 | D:4      | Noticed Natasha
  4038 | D:4      | Killed Natasha
  4301 | D:4      | Found a staircase to the Ecumenical Temple.
  4315 | Temple   | Entered the Ecumenical Temple
  4643 | D:4      | Noticed Natasha
  4646 | D:4      | Killed Natasha
  4915 | D:5      | Entered Level 5 of the Dungeon
  4948 | D:5      | Noticed an ice beast
  4954 | D:5      | Reached XP level 7. HP: 36/36 MP: 14/17
  4959 | D:5      | Reached skill level 6 in Spellcasting
  5191 | D:5      | Learned a level 4 spell: Flame Wave
  5300 | D:5      | Reached skill level 7 in Spellcasting
  5369 | D:5      | Reached XP level 8. HP: 30/42 MP: 5/20
  5653 | D:5      | Identified the ring of Xom's Capriciousness {Fly MP-9
                  | Str+5}
  5811 | D:5      | Learned a level 3 spell: Dazzling Flash
  6503 | D:6      | Reached skill level 8 in Spellcasting
  7065 | D:6      | Reached skill level 1 in Hexes
  7140 | D:6      | Learned a level 4 spell: Fulminant Prism
  7191 | D:6      | Reached skill level 9 in Spellcasting
  7191 | D:6      | Reached XP level 9. HP: 40/46 MP: 23/24
  7547 | D:6      | Learned a level 4 spell: Iskenderun's Mystic Blast
  7551 | D:6      | Learned a level 3 spell: Inner Flame
  7789 | D:7      | Reached skill level 5 in Stealth
  7900 | D:7      | HP: 2/46 [cloud of flame (8)]
  7929 | D:7      | Reached skill level 1 in Throwing
  8073 | D:7      | Reached skill level 10 in Spellcasting
  8122 | D:7      | Learned a level 4 spell: Leda's Liquefaction
  8329 | D:7      | Reached skill level 10 in Conjurations
  8536 | D:8      | Reached skill level 5 in Fire Magic
  8537 | D:8      | Reached skill level 11 in Spellcasting
  8722 | D:8      | Noticed a troll
  8726 | D:8      | Killed a troll
  8727 | D:8      | Reached XP level 10. HP: 51/51 MP: 27/27
  9159 | D:8      | Found a shadowy altar of Dithmenos.
  9273 | D:8      | Noticed Erica
  9282 | D:8      | Noticed a two-headed ogre
  9307 | D:8      | Killed a two-headed ogre
  9412 | D:8      | Killed Erica
  9413 | D:8      | Reached skill level 5 in Dodging
  9413 | D:8      | Reached skill level 12 in Spellcasting
 10087 | D:9      | Reached skill level 5 in Hexes
 10110 | D:9      | Noticed Amaemon
 10122 | D:9      | Noticed an orange demon
 10129 | D:9      | Killed Amaemon
 10138 | D:9      | Killed an orange demon
 10139 | D:9      | Reached skill level 1 in Earth Magic
 10540 | D:9      | Reached skill level 1 in Evocations
 10543 | D:9      | Reached skill level 1 in Fighting
 10899 | D:10     | Entered Level 10 of the Dungeon
 11117 | D:10     | Reached skill level 13 in Spellcasting
 11359 | D:10     | Found an opulent altar of Gozag.
 11360 | D:10     | Found a hide-covered altar of Uskayaw.
 11360 | D:10     | Found an ornate altar of the Wu Jian Council.
 11362 | D:10     | Found a snail-covered altar of Cheibriados.
 11362 | D:10     | Found a sparkling altar of Nemelex Xobeh.
 11364 | D:10     | Found a shimmering blue altar of Sif Muna.
 11365 | D:10     | Found a basalt altar of Yredelemnul.
 11375 | D:10     | Became a worshipper of Sif Muna the Loreminder
 11646 | D:10     | Reached XP level 11. HP: 54/56 MP: 29/30
 12165 | D:11     | Noticed a two-headed ogre
 12172 | D:11     | Killed a two-headed ogre
 12279 | D:11     | Noticed a two-headed ogre
 12298 | D:11     | Killed a two-headed ogre
 12399 | D:11     | Reached skill level 1 in Translocations
 12444 | D:11     | Reached skill level 14 in Spellcasting
 12542 | D:11     | Found a staircase to the Lair.
 12553 | Lair:1   | Entered Level 1 of the Lair of Beasts
 13255 | D:12     | Learned a level 4 spell: Sticky Flame
 13267 | D:12     | Reached * piety under Sif Muna
 13750 | D:12     | Found a staircase to the Orcish Mines.
 14047 | D:12     | Noticed an eight-headed hydra
 14050 | D:12     | Noticed a skeletal warrior
 14051 | D:12     | Noticed a skeletal warrior
 14051 | D:12     | Noticed a skeletal warrior
 14241 | D:12     | Noticed a skeletal warrior
 14269 | D:12     | Killed a skeletal warrior
 14270 | D:12     | Reached skill level 15 in Spellcasting
 14783 | D:12     | Killed a skeletal warrior
 15277 | D:12     | Noticed a four-headed hydra
 15303 | D:12     | Found Yvasm's General Store.
 15336 | D:12     | Killed an eight-headed hydra
 15365 | D:12     | Noticed Josephine
 15374 | D:12     | Killed Josephine
 15375 | D:12     | Reached XP level 12. HP: 54/61 MP: 25/33
 15378 | D:12     | Reached ** piety under Sif Muna
 15487 | D:12     | Reached skill level 16 in Spellcasting
 15489 | D:12     | Noticed Snorg
 15509 | D:12     | Killed Snorg
 15617 | D:12     | Killed a four-headed hydra
 15691 | D:12     | Bought a scroll of identify for 24 gold pieces
 15691 | D:12     | Bought a phial of floods for 480 gold pieces
 16342 | D:13     | Noticed a death knight
 16668 | Lair:1   | Noticed a six-headed hydra
 16676 | Lair:1   | Killed a six-headed hydra
 16933 | Lair:1   | Reached skill level 17 in Spellcasting
 17115 | Lair:1   | Found a runed translucent door.
 17126 | Lair:1   | Learned a level 5 spell: Metabolic Englaciation
 17130 | Lair:1   | Noticed AverageBear's ghost (journeyman FoFi)
 17144 | Lair:1   | Identified the +4 spear of the Crushed Ziggurats {spect,
                  | Str+6 Stlth+}
 17160 | Lair:1   | Learned a level 3 spell: Ozocubu's Armour
 17717 | Lair:1   | Identified a scroll of acquirement
 17717 | Lair:1   | Acquired 580 gold pieces
 17887 | Lair:2   | Found a staircase to the Shoals.
 18254 | Lair:2   | Reached skill level 1 in Ice Magic
 18346 | Lair:2   | Reached *** piety under Sif Muna
 18682 | Lair:2   | Noticed a death yak
 18682 | Lair:2   | Noticed a death yak
 18705 | Lair:2   | Killed a death yak
 18706 | Lair:2   | Killed a death yak
 18707 | Lair:2   | Reached XP level 13. HP: 65/65 MP: 15/36
 18932 | Lair:2   | Found an ancient bone altar of Kikubaaqudgha.
 19022 | Lair:2   | Found a hole to the Spider Nest.
 19220 | Lair:3   | Reached skill level 18 in Spellcasting
 19841 | Lair:3   | Noticed Sonja
 19846 | Lair:3   | Killed Sonja
 19883 | Lair:3   | Noticed Nergalle
 20078 | Lair:3   | Killed Nergalle
 21463 | Lair:5   | Entered Level 5 of the Lair of Beasts
 21520 | Lair:5   | Noticed a dire elephant
 21951 | Shoals:1 | Entered Level 1 of the Shoals
 22073 | Shoals:1 | Reached skill level 19 in Spellcasting
 22084 | Shoals:1 | Reached **** piety under Sif Muna
 22088 | Shoals:1 | Reached skill level 15 in Conjurations
 22993 | Spider:1 | Entered Level 1 of the Spider Nest
 23050 | Spider:1 | Mangled by a pharaoh ant

Illustrated notes

Levels and vault maps discovered:
D:1:      spicycebolla_arrival_xxxplode, layout_loops_ring, serial_glass,
          glass_columns_b, glass_columns_b, glass_columns_a, glass_columns_c,
          feat_on_display, minmay_strange_pillars, due_unseen_surprise
D:2:      minmay_razor_zed, layout_basic
D:3:      layout_basic, kennysheep_generic_room_6
D:4:      layout_basic, temple_hall, corexii_item_surrounded_by_moat,
          st_stairs_4, minmay_ruined_shrine, uniq_natasha
D:5:      layout_basic
D:6:      layout_basic
D:7:      layout_basic
D:8:      layout_loops_ring, nicolae_dithmenos_the_darkroom, uniq_erica
D:9:      layout_basic, uniq_amaemon
D:10:     layout_grid_maze, grunt_temple_overflow_open, enter_bailey_5
D:11:     layout_rooms, lair_entry_dummy
D:12:     layout_long_grid, david_orc_1_choice, kennysheep_windowed_goal,
          uniq_snorg, uniq_josephine
D:13:     layout_stronghold, lightli_vaults_fourway_checkpoint
Temple:   eino_temple_water
Lair:1:   layout_misc_corridors, ebering_ghost_funeral_grove
Lair:2:   layout_loops_ring, minmay_shoals_entry_beasts, dummy_spider_entry,
          basic_altar, hangedman_lair_unloving_vines
Lair:3:   layout_chaotic_city, minmay_holes, uniq_sonja, uniq_nergalle
Lair:4:   layout_misc_corridors
Lair:5:   hellmonk_lair_end_abyssal_woods, layout_gridlike, slime_entry_2,
          ebering_ghost_reflecting_pool, nicolae_lair_grazing_beasts
          [nicolae_sub_lair_graze_edge, nicolae_sub_lair_graze_edge,
          nicolae_sub_lair_graze_edge, nicolae_sub_lair_graze_edge],
          infiniplex_staircase_pool_2
Shoals:1: layout_shoals
Spider:1: layout_spider_delve, spiders_nest_spider_trap, uniq_louise

Skill      XL: |  1  2  3  4  5  6  7  8  9 10 11 12 13 |
---------------+----------------------------------------+-----
Conjurations   | 5 6 7 8 9 10 11 12 13 15 | 15.0
Stealth        | 3 4 5 |  5.2
Spellcasting   | 4 5 7 9 11 13 15 17 19 | 19.3
Fire Magic     | 1 3 4 5 6 7 8 |  8.0
Dodging        | 3 4 5 6 7 |  7.1
Hexes          | 1 4 6 8 9 |  9.2
Throwing       | 1 |  1.3
Earth Magic    | 1 2 3 |  3.0
Evocations     | 1 2 |  2.4
Fighting       | 1 |  1.7
Translocations | 1 3 4 |  4.0
Ice Magic      | 1 |  1.9

Action                   |  1- 3 |  4- 6 |  7- 9 | 10-12 | 13-15 || total
-------------------------+-------+-------+-------+-------+-------++-------
Melee: Staff             |     2 |       |     2 |     8 |    11 ||    23
Throw: Dart              |     1 |       |     1 |       |     1 ||     3
       Throwing net      |       |     1 |     2 |     1 |       ||     4
       Javelin           |       |       |       |       |     6 ||     6
 Cast: Magic Dart        |    67 |     9 |    30 |   147 |    10 ||   263
       Foxfire           |     8 |    65 |    80 |    35 |    58 ||   246
       Searing Ray       |     6 |    12 |    34 |   113 |    44 ||   209
       Flame Wave        |       |       |     9 |    27 |     7 ||    43
       Dazzling Flash    |       |       |     3 |       |     1 ||     4
       Fulminant Prism   |       |       |    10 |    40 |    25 ||    75
       Inner Flame       |       |       |     4 |    11 |       ||    15
       Iskenderun's Myst |       |       |     1 |    35 |    41 ||    77
       Leda's Liquefacti |       |       |     1 |    14 |     5 ||    20
       Metabolic Englaci |       |       |       |     5 |     8 ||    13
       Sticky Flame      |       |       |       |     5 |     4 ||     9
       Ozocubu's Armour  |       |       |       |     2 |       ||     2
Evoke: Wand              |       |       |       |     8 |     4 ||    12
  Use: Potion            |     1 |     1 |       |     3 |     2 ||     7
       Scroll            |     1 |       |     5 |    18 |     5 ||    29
Armor: Robe              |     2 |     3 |    12 |    30 |    15 ||    62
Dodge: Dodged            |     8 |    10 |    47 |   124 |    90 ||   279
